 Dungeon Crawl Stone Soup version 0.26-a0-639-g72c4674329 (webtiles) character file.

Game seed: 4059483168382159996

7687 Flugslaktarn the Cleaver (level 11, -9/106 HPs)
             Began as a Deep Dwarf Fighter on Sept 29, 2020.
             Was an Initiate of Makhleb.
             Mangled by Sonja
             ... wielding a +0 dagger of distortion
              (14 damage)
             ... on level 10 of the Dungeon.
             The game lasted 00:05:22 (6831 turns).

Flugslaktarn the Cleaver (Deep Dwarf Fighter)       Turns: 6831, Time: 00:05:22

Health: -9/106     AC: 19    Str: 21    XL:     11   Next: 0%
Magic:  5/5        EV:  6    Int:  9    God:    Makhleb [......]
Gold:   536        SH:  9    Dex: 14    Spells: 10/10 levels left

rFire    . . .     SeeInvis .   C - +2 war axe (curse)
rCold    . . .     Faith    .   k - +0 kite shield
rNeg     . . .     Spirit   .   d - +0 plate armour
rPois    .         Reflect  .   j - +2 helmet
rElec    .         Harm     .   (no cloak)
rCorr    .         Rampage  .   n - +2 pair of gloves
MR       ++...                  (no boots)
Stlth    ..........             (no amulet)
HPRegen  0.00/turn              m - ring of protection from magic
MPRegen  0.09/turn              (no ring)

@: lethally poisoned (-9 -> -9), non-regenerating, slowed, heavily drained, very
slow
A: damage resistance, heal wounds, sense surroundings 2, no regeneration
a: Heal Wounds, Renounce Religion


You were on level 10 of the Dungeon.
You worshipped Makhleb.
Makhleb was noncommittal.
You visited 2 branches of the dungeon, and saw 11 of its levels.

You collected 536 gold pieces.

Inventory:

Hand Weapons
 a - a +1 war axe
 e - a +0 battleaxe
   (You found it on level 4 of the Dungeon)
 C - a cursed +2 war axe (weapon)
   (You took it off a wight on level 9 of the Dungeon)
Missiles
 o - 4 throwing nets (quivered)
Armour
 d - a +0 plate armour (worn)
   (You took it off an orc warrior on level 7 of the Dungeon)
 j - a +2 helmet (worn)
   (You found it on level 2 of the Dungeon)
 k - a +0 kite shield (worn)
 n - a +2 pair of gloves (worn)
   (You found it on level 4 of the Dungeon)
 p - the +1 pair of gloves of Loss {rC+}
   (You found it on level 4 of the Dungeon)

   It protects you from cold.
Jewellery
 m - a ring of protection from magic (left hand)
   (You found it on level 4 of the Dungeon)
Scrolls
 g - 3 scrolls of magic mapping {unknown}
 l - 3 scrolls of enchant weapon
 r - 5 scrolls of identify
 t - 3 scrolls of teleportation
 v - 2 scrolls of fog {unknown}
 x - 7 scrolls of remove curse
 y - a scroll of immolation {unknown}
 z - 2 scrolls of blinking
Potions
 b - a potion of flight {unknown}
 c - a potion of lignification {unknown}
 f - 2 potions of magic
 h - 2 potions of haste
 i - a potion of ambrosia
 q - 6 potions of curing
 u - 3 potions of mutation {unknown}
 w - a potion of heal wounds {unknown}
 A - 2 potions of degeneration {unknown}
 B - 2 potions of berserk rage {unknown}
 D - a potion of stabbing {unknown}


   Skills:
 * Level 9.4(7.9) Fighting
 * Level 10.9(9.3) Axes
 + Level 8.3(6.8) Armour
 + Level 7.2(5.7) Dodging
 - Level 3.7(2.4) Shields
 + Level 0.8(0.0) Invocations


You had 10 spell levels left.
You didn't know any spells.
Your spell library was empty.

Dungeon Overview and Level Annotations

Branches:
Dungeon (10/15)            Temple (1/1) D:6
   Lair: D:8-11         Orc: D:9-12

Altars:
Ashenzari
Cheibriados
Dithmenos
Elyvilon
Fedhas
Gozag
Hepliaklqana
Kikubaaqudgha
Makhleb
Nemelex Xobeh
Okawaru
Qazlal
Ru
Sif Muna
Trog
Uskayaw
Vehumet
Wu Jian
Xom
Yredelemnul
Zin
The Shining One

Shops:
D:5 (   D:6 [

Annotations:
D:7 exclusion: door
D:9 exclusion: orange crystal statue
D:10 Sonja


Innate Abilities, Weirdness & Mutations

You are resistant to damage.
You can heal yourself by infusing magical energy.
You passively map the area around you.
You do not regenerate.


Message History

You block the big kobold's attack.
The centaur hits you but does no damage.
You are too injured to fight recklessly!
You slash the big kobold!
The big kobold is almost dead.
You slash the centaur!
Sonja is no longer paralysed.
You block the centaur's attack.
The centaur hits you but does no damage.
Sonja hits you but does no damage. Space bends around you.
* * * LOW HITPOINT WARNING * * *
Sonja hits you but does no damage. Space warps horribly around you!!
* * * LOW HITPOINT WARNING * * *
You block Sonja's attack.
The centaur hits you but does no damage.
You are too injured to fight recklessly!
You hit Sonja.
Sonja is lightly wounded.
You hit the centaur. Sonja hits you but does no damage.
Space warps horribly around you!
You die...

.........#.##...........<....(
...>.....#.##.)...............
#..$.....KK#................#,
#..........K................#.
#.#..####.####................*
, ..##...##..###......#.......#
* ,,.##......##(######†)...###.
, ,,.
######....c#####)###....., ,
#...KK@<....[.......,,
##..###......####..., , #>##
#..###.#* , ,, #.# #.## #... ,
* ..# ...# ##### ,, ..##..### ,
, *,......# * , , ... ### * * *
**


You could see Sonja, a big kobold and a centaur.

Vanquished Creatures
  Harold (D:7)
  A two-headed ogre (D:9)
  2 hippogriffs
  3 yaks (D:8)
  A water moccasin (D:9)
  Duvessa (D:5)
  A sky beast (D:5)
  6 orc warriors
  A hornet zombie (D:8)
  2 ice beasts
  6 ogres
  3 black bears
  A phantom (D:9)
  7 centaurs
  A big kobold (D:7)
  6 bullfrogs
  2 elf skeletons (D:7)
  Dowan (D:5)
  4 scorpions
  3 killer bees (D:8)
  19 wights (D:9)
  3 howler monkeys
  A bullfrog zombie (D:10)
  2 jellies
  A centaur zombie (D:8)
  A quasit (D:5)
  4 hounds
  2 bullfrog skeletons (D:4)
  6 orc priests
  2 centaur skeletons
  5 orc wizards
  3 worker ants
  A hound zombie (D:8)
  8 gnolls
  10 adders
  A shadow imp (D:6)
  5 white imps
  An ooze (D:3)
  An ufetubus (D:6)
  An adder skeleton (D:4)
  2 adder zombies (D:8)
  5 worms
  11 leopard geckos
  29 orcs
  2 ball pythons
  3 giant cockroaches
  11 goblins
  14 hobgoblins
  8 jackals
  6 quokkas
  9 bats
  5 frilled lizards
  16 kobolds
  2 quokka zombies (D:5)
  8 rats
  A spectral orc (D:3)
262 creatures vanquished.

Notes
Turn   | Place    | Note
-------+----------+-------------------------------------------
     0 | D:1      | Flugslaktarn the Deep Dwarf Fighter began the quest for the
                  | Orb.
     0 | D:1      | Reached XP level 1. HP: 20/20 MP: 1/1
   103 | D:1      | Reached XP level 2. HP: 25/27 MP: 2/2
   258 | D:3      | Reached XP level 3. HP: 28/34 MP: 3/3
   265 | D:3      | Reached skill level 3 in Axes
   410 | D:3      | Found a basalt altar of Yredelemnul.
   461 | D:4      | Reached XP level 4. HP: 38/42 MP: 4/4
   570 | D:4      | Noticed a black bear
   578 | D:4      | Killed a black bear
   578 | D:4      | Reached skill level 4 in Axes
   578 | D:4      | Reached skill level 1 in Dodging
   578 | D:4      | Reached XP level 5. HP: 40/50 MP: 5/5
   753 | D:4      | Got a pair of ancient gloves
   792 | D:4      | Identified the +1 pair of gloves of Loss {rC+} (You found
                  | it on level 4 of the Dungeon)
   956 | D:4      | Noticed a hippogriff
   956 | D:4      | Noticed an ogre
   963 | D:4      | Killed an ogre
   963 | D:4      | Reached XP level 6. HP: 23/57 MP: 6/6
  1195 | D:4      | Killed a hippogriff
  1195 | D:4      | Reached skill level 5 in Axes
  1195 | D:4      | Reached XP level 7. HP: 27/66 MP: 6/6
  1248 | D:5      | Entered Level 5 of the Dungeon
  1260 | D:5      | Noticed Duvessa
  1264 | D:5      | Noticed Dowan
  1272 | D:5      | Killed Duvessa
  1272 | D:5      | Reached skill level 5 in Fighting
  1288 | D:5      | Killed Dowan
  1288 | D:5      | Reached skill level 5 in Armour
  1433 | D:5      | Reached skill level 6 in Axes
  1608 | D:5      | Reached XP level 8. HP: 71/75 MP: 7/7
  1635 | D:5      | Found Xutelune's Antique Weapon Shop.
  2063 | D:5      | Found a hide-covered altar of Uskayaw.
  2066 | D:5      | Found a white marble altar of Elyvilon.
  2069 | D:5      | Found a sacrificial altar of Ru.
  2152 | D:6      | Found Keluvvi's Antique Armour Shoppe.
  2192 | D:6      | Reached skill level 7 in Axes
  2259 | D:6      | Found a staircase to the Ecumenical Temple.
  2357 | Temple   | Entered the Ecumenical Temple
  2545 | D:6      | Found a blossoming altar of Fedhas.
  2747 | D:7      | Gained mutation: You passively map the area around you.
                  | [Deep Dwarf growth]
  2747 | D:7      | Reached XP level 9. HP: 63/85 MP: 4/4
  2783 | D:7      | Reached skill level 8 in Axes
  3016 | D:7      | Reached skill level 5 in Dodging
  3318 | D:7      | Noticed Harold
  3337 | D:7      | Killed Harold
  3337 | D:7      | Reached skill level 9 in Axes
  3567 | D:8      | Reached XP level 10. HP: 63/96 MP: 5/5
  3765 | D:8      | Found an iron altar of Okawaru.
  3772 | D:8      | Reached skill level 10 in Axes
  3896 | D:8      | Found an ornate altar of the Wu Jian Council.
  4506 | D:3      | Found a stormy altar of Qazlal.
  4614 | D:2      | Found a bloodstained altar of Trog.
  5156 | D:2      | Found a glowing silver altar of Zin.
  5659 | D:9      | Noticed an orange crystal statue
  5660 | D:9      | Noticed a two-headed ogre
  6071 | D:9      | Noticed a two-headed ogre
  6108 | D:9      | Killed a two-headed ogre
  6273 | D:9      | Found a burning altar of Makhleb.
  6485 | D:9      | Became a worshipper of Makhleb the Destroyer
  6683 | D:10     | Entered Level 10 of the Dungeon
  6778 | D:10     | Noticed Sonja
  6785 | D:10     | Reached XP level 11. HP: 63/106 MP: 5/5
  6830 | D:10     | HP: 5/106 [Sonja/+0 dagger of distortion (15)]
  6831 | D:10     | Mangled by Sonja

Illustrated notes

Levels and vault maps discovered:
D:1:      heliophobic_arrival_henge, layout_loops_ring
D:2:      minmay_wonky_spiral, layout_loops_cross, bloody_trog, zin_statuary
D:3:      layout_loops_ring, nicolae_qazlal_eye_of_the_storm,
          yredelemnul_forgotten_temple_becter, chequers_jeans, nrook_campfire,
          kennysheep_generic_room_6
D:4:      minmay_clustersquares, layout_basic
D:5:      minmay_razor_zed, layout_basic, grunt_temple_overflow_diamond,
          serial_shops, shop_fountains, minmay_misc_feat_roman,
          kennysheep_decorative_pillar, uniq_duvessa
D:6:      layout_rooms, minmay_temple_entry_gardened_gates, serial_shops,
          kennysheep_little_box, chequers_serial_rivers_large_a, fedhas_altar_4
D:7:      layout_loops_ring, nicolae_ossuary_entry_catacombs, uniq_harold
D:8:      layout_rooms, lemuel_coloured_pillars_altar, okawaru_metal_pillars_3
D:9:      layout_basic, bloody_makhleb, minivault_27, minivault_16
D:10:     layout_rooms, uniq_sonja
Temple:   nicolae_temple_god_jail

Skill      XL: |  1  2  3  4  5  6  7  8  9 10 |
---------------+-------------------------------+-----
Fighting       | 3 4 5 6 8 9 |  9.4
Axes           | 3 4 5 6 7 9 10 | 10.9
Armour         | 4 5 6 7 8 |  8.3
Dodging        | 1 2 3 4 5 7 |  7.2
Shields        | |  3.7
Invocations    | |  0.8

Action                   |  1- 3 |  4- 6 |  7- 9 | 10-12 || total
-------------------------+-------+-------+-------+-------++-------
Melee: War axe           |   111 |    84 |   369 |   409 ||   973
 Abil: Heal Wounds       |     2 |     1 |    16 |    18 ||    37
Evoke: Wand              |       |       |       |     5 ||     5
  Use: Scroll            |       |     7 |     4 |       ||    11
       Potion            |       |       |     1 |       ||     1
Armor: Scale mail        |    63 |    15 |       |       ||    78
       Chain mail        |       |    45 |   128 |       ||   173
       Plate armour      |       |       |    74 |   276 ||   350
Dodge: Dodged            |    46 |    37 |   123 |   128 ||   334
Block: Kite shield       |    74 |    57 |   193 |   234 ||   558

Table legend: (Time is in decaauts)
 A = Elapsed time spent in this place.
 B = Non-inter-level travel time spent in this place.
 C = Inter-level travel time spent in this place.
 D = Time resting spent in this place.
 E = Time spent auto-exploring this place.
 F = Levels seen in this place.
 G = Mean time per level.
                   A        B        C        D        E       F      G
               +--------+--------+--------+--------+--------+-----+--------+
         Total |   7065 |   6288 |    777 |     13 |   4331 |  11 |  642.3 |
       Dungeon |   7018 |   6254 |    764 |     13 |   4297 |  10 |  701.8 |
        Temple |     47 |     35 |     12 |      0 |     34 |   1 |   47.0 |
               +--------+--------+--------+--------+--------+-----+--------+

Top non-repeatable levels by time:
     D:9: 1133 daAuts
     D:5: 930 daAuts
     D:4: 900 daAuts
     D:7: 842 daAuts
     D:3: 765 daAuts
     D:2: 755 daAuts
     D:8: 579 daAuts
     D:6: 524 daAuts
     D:1: 442 daAuts
    D:10: 144 daAuts
  Temple: 47 daAuts
